 Dungeon Crawl Stone Soup version 0.19.0-18-g426998a (webtiles) character file.

3423 lorenzova the Covert (level 9, 0/43 HPs)
             Began as a Spriggan Monk on Nov 11, 2016.
             Was a Priest of Ashenzari.
             Slain by a gnoll
             ... wielding a +2 halberd of electrocution
              (16 damage)
             ... in a bailey.
             The game lasted 00:23:50 (11929 turns).

lorenzova the Covert (Spriggan Monk)               Turns: 11929, Time: 00:23:50

Health: 0/43       AC:  2    Str:  7    XL:     9   Next: 76%
Magic:  28/28      EV: 29    Int: 13    God:    Ashenzari [***...]
Gold:   454        SH:  0    Dex: 20    Spells: 0 memorised, 8 levels left

rFire  . . .     SeeInvis +     d - +2 short sword (venom)
rCold  . . .     Gourm    .     o - +0 robe (curse)
rNeg   . . .     Faith    .     (shield restricted)
rPois  .         Spirit   .     (helmet restricted)
rElec  .         Reflect  .     (no cloak)
rCorr  .         Harm     .     (gloves unavailable)
MR     +....                    (boots unavailable)
Stlth  +++++.....               (no amulet)
                                O - ring of magical power
                                m - ring of magical power

@: very quick
A: unfitting armour, see invisible, herbivore 3, speed 3, slow metabolism 2
a: Curse Item, Scrying, Renounce Religion


You were in a bailey.
You worshipped Ashenzari.
Ashenzari was most pleased with you.
You were hungry.

You visited 2 branches of the dungeon, and saw 11 of its levels.
You also visited: Sewer and Bailey.

You collected 568 gold pieces.
You spent 114 gold pieces at shops.

Inventory:

Hand Weapons
 d - a +2 short sword of venom (weapon)
 g - a +1 vampiric dagger
 h - a +0 dagger of venom
 P - a +0 dagger of flaming
Armour
 b - a +0 robe
 o - a cursed +0 robe (worn)
 K - a +0 buckler
Jewellery
 m - a ring of magical power (left hand)
 s - an uncursed ring of stealth
 O - a ring of magical power (right hand)
Wands
 q - a wand of flame (32/48)
 A - a wand of acid (6/15)
 G - a wand of digging (8/24)
 J - a wand of slowing (24/48)
 M - a wand of flame (31/48)
Scrolls
 f - 4 scrolls of teleportation {unknown}
 j - 3 scrolls of fog {unknown}
 k - 5 scrolls of amnesia {unknown}
 p - 4 scrolls of immolation {unknown}
 t - 4 scrolls of fear {unknown}
 u - a scroll of noise
 v - 3 scrolls of recharging {unknown}
 w - 2 scrolls of remove curse
 x - 11 scrolls of magic mapping
 y - 2 scrolls of enchant armour {unknown}
 z - a scroll of random uselessness {unknown}
 B - a scroll of silence {unknown}
 H - a scroll of enchant weapon {unknown}
 I - 2 scrolls of identify
 R - a scroll of summoning {unknown}
Potions
 e - 2 potions of flight
 i - 2 potions of heal wounds
 l - 2 potions of degeneration
 n - 2 potions of agility
 r - 3 potions of brilliance
 C - 3 potions of lignification
 D - a potion of ambrosia {unknown}
 E - 3 potions of curing
 F - a potion of mutation {unknown}
 L - 2 potions of berserk rage {unknown}
 N - a potion of invisibility
 Q - a potion of haste
 S - a potion of resistance {unknown}
 U - a potion of magic {unknown}
Books
 T - a book of Changes

   Spells                             Type                      Level
   a - Beastly Appendage              Transmutation                1
   b - Sticks to Snakes               Transmutation                2
   c - Spider Form                    Transmutation/Poison         3
   d - Ice Form                       Ice/Transmutation            4
   e - Blade Hands                    Transmutation                5
Comestibles
 a - a royal jelly
 c - 4 bread rations


   Skills:
 - Level 2.4 Fighting
 + Level 9.3 Short Blades
 + Level 12.0 Dodging
 + Level 12.5 Stealth


You had 8 spell levels left.
You didn't know any spells.

Dungeon Overview and Level Annotations

Branches:
Dungeon (10/15)            Temple (1/1) D:6            Lair (0/6) D:9
    Orc (0/2) D:10

Altars:
Ashenzari
Cheibriados
Dithmenos
Elyvilon
Fedhas
Gozag
Hepliaklqana
Kikubaaqudgha
Makhleb
Nemelex Xobeh
Okawaru
Qazlal
Ru
Sif Muna
Trog
Uskayaw
Vehumet
Xom
Yredelemnul
Zin
The Shining One

Shops:
D:6 ?   D:9 =

Annotations:
D:3 Crazy Yiuf, Sigmund
D:8 skk's ghost, novice DsFi
D:10 1 runed door


Innate Abilities, Weirdness & Mutations

You are very small and have problems with some larger weapons.
You are too small for most types of armour.
You have supernaturally acute eyesight. (SInv)
You are a herbivore.
You cover ground extremely quickly.
You need consume almost no food.


Message History

4 tomahawks of returning; a hobgoblin corpse You see here a tomahawk of returning.
There is an open door, spattered with blood here.
Things that are here:
an uncursed halberd of electrocution; a gnoll corpse
Things that are here:
a cursed halberd; a gnoll corpse
There is an open door here.
You close the door.
There is an open door here.
There is an empty arch of ancient stone here.
You close the door.
You start resting.
A gnoll opens the door.
Ashenzari warns you: It is wielding a halberd of electrocution.
There is an open door here.
You hit the gnoll.
The gnoll is poisoned.
The gnoll is lightly wounded.
The gnoll hits you with a halberd of electrocution!
You die...

* ### ##### ### ###
#*#.###())###.###∩#
'##'##(###+##(##@##
#....(## ##....g##
#...((#####....(###
'..⌠).'.#.'(.∩..{.#
#.....#####..†(.###
#g....# *#.....#
'##'##'# +##'##'#
###.# #.#{ *#.#*#.#
# ### *###* ### ##


You could see a gnoll.

Vanquished Creatures
  Grinder (Sewer)
  2 yaks (D:9)
  A sky beast (D:8)
  A black bear (D:9)
  An orc warrior (D:9)
  4 ogres
  3 centaurs
  A crocodile (D:9)
  2 big kobolds (Sewer)
  3 bullfrogs (D:8)
  A wyvern zombie (D:6)
  A wyvern skeleton (D:8)
  3 scorpions
  A water moccasin skeleton (D:6)
  2 howler monkeys
  A crimson imp (D:5)
  A quasit (Sewer)
  2 jellies
  6 hounds
  6 orc wizards
  3 orc priests
  Jessica (D:3)
  3 iguanas
  4 worker ants
  2 big kobold zombies (Sewer)
  8 gnolls
  7 adders
  11 river rats
  4 shadow imps
  2 oozes
  2 worms (D:2)
  A dart slug (D:2)
  2 leopard geckos
  22 orcs
  2 ball pythons
  24 bats
  A bat zombie (Sewer)
  7 giant cockroaches
  12 hobgoblins
  14 jackals
  4 quokkas
  6 frilled lizards
  11 goblins
  A jackal zombie (D:6)
  30 kobolds
  24 rats
251 creatures vanquished.

Vanquished Creatures (others)
  2 big kobold zombies (Sewer)
  An adder zombie (Sewer)
  A bat zombie (Sewer)
  A kobold (Sewer)
5 creatures vanquished.

Grand Total: 256 creatures vanquished

Notes
Turn   | Place    | Note
-------+----------+-------------------------------------------
     0 | D:1      | lorenzova the Spriggan Monk began the quest for the Orb.
     0 | D:1      | Reached XP level 1. HP: 11/11 MP: 2/2
   266 | D:1      | Reached XP level 2. HP: 16/16 MP: 3/3
   874 | D:2      | Reached XP level 3. HP: 3/19 MP: 4/4
  1179 | D:2      | Reached skill level 5 in Dodging
  1700 | D:3      | Noticed Jessica
  1709 | D:3      | Killed Jessica
  1709 | D:3      | Reached XP level 4. HP: 18/23 MP: 5/5
  1736 | D:3      | Reached skill level 5 in Stealth
  1802 | D:3      | Reached XP level 5. HP: 8/27 MP: 6/6
  2120 | D:3      | Noticed Sigmund
  2149 | D:3      | Found a snail-covered altar of Cheibriados.
  2692 | D:3      | Found a runed door.
  2853 | D:3      | Noticed Crazy Yiuf
  2897 | D:4      | Noticed an ogre
  2922 | D:4      | Killed an ogre
  2922 | D:4      | Reached skill level 5 in Short Blades
  2922 | D:4      | Reached XP level 6. HP: 22/32 MP: 7/7
  3455 | D:4      | Found a glowing drain.
  3464 | Sewer    | Entered a sewer
  3914 | Sewer    | Found a burning altar of Makhleb.
  3919 | Sewer    | Noticed Grinder
  3950 | Sewer    | Reached XP level 7. HP: 20/35 MP: 8/8
  4803 | Sewer    | Paralysed by Grinder for 7 turns
  4805 | Sewer    | Killed Grinder
  5219 | D:4      | Reached XP level 8. HP: 39/39 MP: 9/9
  5454 | D:5      | Entered Level 5 of the Dungeon
  6448 | D:6      | Found Kaimpyul's Magic Scroll Boutique.
  6451 | D:6      | Bought a scroll of identify for 24 gold pieces
  6451 | D:6      | Bought a scroll of magic mapping for 42 gold pieces
  6451 | D:6      | Bought a scroll of remove curse for 36 gold pieces
  6451 | D:6      | Bought a scroll of noise for 12 gold pieces
  6926 | D:6      | Found a staircase to the Ecumenical Temple.
  6941 | Temple   | Entered the Ecumenical Temple
  7054 | Temple   | Became a worshipper of Ashenzari the Shackled
  7054 | Temple   | Reached * piety under Ashenzari
  7054 | Temple   | Reached ** piety under Ashenzari
  7822 | D:5      | Reached skill level 10 in Stealth
  8133 | D:5      | Reached skill level 10 in Dodging
  9481 | D:8      | Reached XP level 9. HP: 43/43 MP: 10/10
  9641 | D:8      | Noticed skk's ghost (novice DsFi)
 10759 | D:9      | Found a staircase to the Lair.
 11012 | D:9      | Found Weuzere's Jewellery Shoppe.
 11284 | D:9      | Reached *** piety under Ashenzari
 11503 | D:10     | Entered Level 10 of the Dungeon
 11514 | D:10     | Found a runed door.
 11514 | D:10     | Found a white marble altar of Elyvilon.
 11514 | D:10     | Noticed an angel
 11568 | D:10     | Found a staircase to the Orcish Mines.
 11769 | D:10     | Found a flagged portal.
 11779 | Bailey   | Entered a bailey
 11929 | Bailey   | Slain by a gnoll

Skill      XL: |  1  2  3  4  5  6  7  8  9 |
---------------+----------------------------+-----
Stealth        | 4 5 6 7 8 10 12 | 12.5
Dodging        | 5 6 7 8 10 12 | 12.0
Short Blades   | 4 5 6 8 9 |  9.3
Fighting       | |  2.4

Action                   |  1- 3 |  4- 6 |  7- 9 || total
-------------------------+-------+-------+-------++-------
Melee: Short sword       |     7 |       |   563 ||   570
       Dagger            |    96 |   235 |    69 ||   400
Evoke: Wand              |       |       |     2 ||     2
  Use: Potion            |       |       |    10 ||    10
       Scroll            |       |       |     2 ||     2
 Stab: Sleeping          |    17 |     6 |    27 ||    50
       Distracted        |       |     1 |     2 ||     3
  Eat: Royal jelly       |       |       |     1 ||     1
       Fruit             |       |       |     3 ||     3
       Pizza             |       |       |     2 ||     2
Armor: Robe              |     7 |    10 |    27 ||    44
Dodge: Dodged            |    52 |   207 |   558 ||   817
